AoeStats
← stefan

Black Forest

509173417Analyzed
4v4 RM · 6d ago on Sep 25, 2026· 66m 55s· 8 players
Game mode
Random Map
Map size
Large (8 player)
Population
200
Speed
Normal
Resources
Standard
Victory
Conquest
Starting age
Dark Age
Ending age
Imperial Age
RankedLock teamsTeams togetherTeam positionsShared explorationLock speedFull tech treeHidden civsTurbo modeCheats
Victory
Defeat
🇺🇦 Byzantines · Ukraine
737
+14
🇧🇷 Celts · Brazil
654
+18
🇳🇱 Inca · Netherlands
596
+20
🇮🇩 Franks · Indonesia
593
+20
🇩🇪 Wu · Germany
779
-22
🇦🇷 Danes · Argentina
753
-21
🇳🇱 Huns · Netherlands
673
-17
🇲🇽 Slavs · Mexico
546
-12
Carpeado BR
0:28 Loom
12:39 Feudal Age
19:55 Castle Age
18:50 Horse Collar
19:01 Double-Bit Axe
19:23 Gold Mining
19:24 Stone Mining
21:21 Heavy Plow
25:09 Bow Saw
29:27 Fishing Lines
32:59 Imperial Age
31:18 Wheelbarrow
30:29 Town Watch
30:56 Scale Mail Armor
31:06 Forging
32:15 Hand Cart
32:19 Gillnets
33:10 Chain Mail Armor
33:37 Iron Casting
33:25 Fortified Wall
36:31 Pikeman
37:02 Arson
37:06 Gambesons
36:45 Elite Woad Raider
37:40 Furor Celtica
38:07 Hoardings
37:53 Conscription
37:26 Halberdier
38:51 Plate Mail Armor
38:14 Fletching
38:56 Caravan
38:39 Capped Ram
39:38 Siege Ram
41:59 Chemistry
41:21 Ballistics
40:59 Murder Holes
41:04 Heavy Scorpion
44:30 Blast Furnace
43:26 Bodkin Arrow
43:26 Man-at-Arms
45:05 Coinage
44:46 Guilds
45:19 Long Swordsman
46:24 Siege Engineers
46:30 Masonry
46:26 Long Swordsman
48:12 Long Swordsman
54:13 Two-Handed Swordsman
56:16 Champion
Alfieri83
2:48 Loom
14:24 Feudal Age
16:47 Wheelbarrow
22:39 Castle Age
31:02 Imperial Age
30:30 Fishing Lines
37:56 Stone Mining
37:56 Double-Bit Axe
38:03 Gold Mining
42:24 Murder Holes
42:51 Ballistics
44:33 Conscription
45:33 Bow Saw
47:53 Fortified Wall
49:01 Fletching
54:08 Caravan
54:15 Elite Skirmisher
stefan
9:20 Loom
15:01 Feudal Age
15:26 Double-Bit Axe
16:27 Horse Collar
16:59 Fishing Lines
18:28 Gold Mining
22:08 Wheelbarrow
25:05 Castle Age
24:40 Stone Mining
25:03 Forging
24:54 Scale Mail Armor
25:01 Fletching
25:13 Padded Archer Armor
26:35 Iron Casting
26:47 Gold Shaft Mining
26:35 Caravan
27:08 Bow Saw
27:02 Heavy Plow
27:54 Chain Mail Armor
27:35 Bodkin Arrow
27:55 Leather Archer Armor
27:49 Thumb Ring
28:09 Gillnets
28:59 Squires
28:21 Pikeman
28:47 Gambesons
28:53 Arson
34:21 Imperial Age
32:08 Hand Cart
32:54 Fervor
34:14 Murder Holes
34:54 Heavy Cavalry Archer
35:36 Bracer
36:06 Ring Archer Armor
36:07 Plate Mail Armor
35:43 Scale Barding Armor
37:16 Two-Man Saw
38:00 Chemistry
36:46 Arrowslits
37:31 Ballistics
37:29 Husbandry
36:51 Heavy Camel Rider
38:04 Crop Rotation
38:15 Stone Shaft Mining
37:55 Elite Varangian Guard
39:50 Chain Barding Armor
39:18 Arrowslits
42:52 Halberdier
45:05 Plate Barding Armor
45:07 Conscription
44:08 Elite Cataphract
45:24 Hoardings
46:00 Fortified Wall
48:51 Logistica
48:37 Elite Skirmisher
ari.works
4:15 Loom
12:23 Feudal Age
25:25 Castle Age
25:11 Wheelbarrow
24:24 Double-Bit Axe
24:38 Double-Bit Axe
32:49 Imperial Age
31:52 Pikeman
32:16 Treadmill Crane
32:05 Elite Skirmisher
34:32 Gold Mining
35:20 Stone Mining
35:49 Bow Saw
37:34 Hand Cart
39:19 Onager
42:06 Conscription
43:06 Chemistry
42:30 Ballistics
42:57 Gambesons
43:14 Squires
43:00 Arson
43:44 Halberdier
46:02 Cavalier
46:45 Husbandry
49:57 Paladin
50:48 Scale Barding Armor
50:44 Scale Mail Armor
50:56 Forging
51:56 Heavy Scorpion
52:42 Caravan
52:43 Town Watch
52:56 Murder Holes
52:50 Arrowslits
55:57 Padded Archer Armor
55:48 Fletching
58:47 Chain Mail Armor
58:53 Chain Barding Armor
58:49 Leather Archer Armor
58:30 Bodkin Arrow
59:11 Iron Casting
59:49 Chivalry
61:57 Elite Throwing Axeman
64:04 Plate Barding Armor
64:01 Plate Mail Armor
64:03 Ordonnance Companies
65:19 Hoardings
Gordon93
14:32 Feudal Age
15:09 Horse Collar
15:19 Double-Bit Axe
17:46 Fishing Lines
25:30 Castle Age
24:12 Scale Barding Armor
24:19 Forging
26:33 Bow Saw
26:38 Fletching
28:52 Heavy Plow
30:46 Stone Mining
33:09 Gillnets
34:01 Murder Holes
36:51 Wheelbarrow
37:00 Husbandry
37:29 Chain Barding Armor
37:47 Iron Casting
38:00 Hand Cart
40:23 Imperial Age
37:58 Marauders
38:56 Masonry
39:08 Bodkin Arrow
40:32 Cavalier
41:27 Bloodlines
41:57 Plate Barding Armor
42:25 Blast Furnace
41:27 Bracer
42:10 Paladin
43:24 Conscription
44:55 Gold Mining
45:26 Caravan
45:25 Elite Tarkan
56:31 Atheism
59:55 Chemistry
61:47 Light Cavalry
62:25 Elite Skirmisher
64:39 Two-Man Saw
63:30 Town Watch
Kurwier2000
5:59 Loom
13:48 Feudal Age
18:53 Castle Age
16:46 Double-Bit Axe
16:45 Horse Collar
18:19 Fishing Lines
19:01 Stone Mining
19:02 Gold Mining
21:17 Wheelbarrow
20:50 Town Watch
21:19 Bow Saw
21:12 Heavy Plow
21:31 Town Patrol
24:29 Scale Mail Armor
24:39 Forging
24:36 Scale Barding Armor
24:32 Padded Archer Armor
24:22 Fletching
24:58 Hand Cart
25:03 Stone Mining
25:04 Gold Mining
28:56 Gold Shaft Mining
28:59 Stone Shaft Mining
30:00 Treadmill Crane
30:41 Squires
30:26 Arson
30:02 Pikeman
30:02 Man-at-Arms
34:29 Imperial Age
32:51 Red Cliffs Tactics
34:25 Iron Casting
34:08 Chain Mail Armor
33:49 Bodkin Arrow
37:24 Two-Man Saw
37:26 Conscription
36:27 Elite Fire Archer
37:46 Leather Archer Armor
37:31 Bracer
38:33 Blast Furnace
38:03 Plate Mail Armor
39:07 Masonry
39:18 Ballistics
40:00 Chemistry
39:21 Ballistics
38:52 Heated Shot
38:58 Murder Holes
38:53 Guard Tower
39:30 Chain Barding Armor
40:13 Blast Furnace
39:43 Plate Mail Armor
40:27 Sitting Tiger
43:24 Architecture
42:18 Halberdier
42:18 Long Swordsman
45:57 Fervor
46:07 Sanctity
45:43 Herbal Medicine
45:25 Two-Handed Swordsman
47:55 Plate Barding Armor
50:44 Guilds
51:05 Coinage
50:36 Caravan
50:20 Elite Skirmisher
51:23 Champion
53:31 Banking
Akatius
2:24 Loom
13:53 Feudal Age
18:37 Castle Age
18:52 Double-Bit Axe
18:56 Fishing Lines
24:31 Fletching
25:48 Horse Collar
26:25 Bow Saw
27:58 Wheelbarrow
27:36 Scale Mail Armor
27:51 Gillnets
29:16 Heavy Plow
29:11 Stone Mining
30:15 Squires
31:55 Caravan
36:16 Imperial Age
33:32 Town Watch
34:01 Forging
34:31 Chain Mail Armor
34:33 Masonry
35:43 Iron Casting
36:12 Ballistics
36:48 Gold Mining
37:24 Conscription
36:55 Crossbowman
37:41 Thumb Ring
37:33 Bodkin Arrow
38:02 Hand Cart
38:31 Gold Shaft Mining
37:34 Capped Ram
39:17 Bracer
39:08 Gambesons
39:06 Siege Ram
40:44 Plate Mail Armor
41:16 Padded Archer Armor
43:19 Blast Furnace
42:26 Siege Engineers
45:59 Leather Archer Armor
45:46 Elite Skirmisher
46:21 Onager
47:53 Ring Archer Armor
48:41 Arson
50:34 Elite Varangian Guard
53:07 Stone Shaft Mining
53:27 Siege Onager
Dove
1:20 Loom
16:07 Feudal Age
16:39 Town Watch
20:07 Wheelbarrow
22:15 Horse Collar
22:23 Double-Bit Axe
29:44 Castle Age
30:25 Scale Barding Armor
30:20 Scale Mail Armor
30:31 Forging
30:12 Fletching
30:22 Padded Archer Armor
31:30 Heavy Plow
31:44 Bow Saw
31:43 Stone Mining
32:55 Gold Mining
35:10 Gold Shaft Mining
45:33 Ballistics
45:05 Guard Tower
47:49 Imperial Age
46:03 Iron Casting
45:24 Bodkin Arrow
45:45 Leather Archer Armor
47:47 Crossbowman
47:48 Elite Skirmisher
48:17 Heavy Scorpion
51:10 Chemistry
53:11 Onager
58:11 Heavy Cavalry Archer
Connection lost

Rejoining the realm…

Still unreachable

The connection could not be restored.

Session expired

The server has moved on; the page needs a fresh start.